 Dungeon Crawl Stone Soup version 0.28.0-53-g5a82cb258f (webtiles) character file.

Game seed: 3713675249402221852

2851 Godmorgon the Basher (level 9, -4/76 (79) HPs)
             Began as a Minotaur Fighter on Aug 14, 2022.
             Was a Follower of Okawaru.
             Slain by a troll (12 damage)
             ... on level 8 of the Dungeon.
             The game lasted 00:29:47 (9652 turns).

Godmorgon the Basher (Minotaur Fighter)             Turns: 9652, Time: 00:29:47

HP:   -4/76 (79)    AC: 10    Str: 25    XL:     9   Next: 46%
MP:   8/10          EV: 13    Int:  5    God:    Okawaru [*.....]
Gold: 305           SH:  6    Dex: 10    Spells: 8/8 levels left

rFire   . . .      SeeInvis .   a - +3 flail
rCold   . . .      Faith    .   c - +0 buckler
rNeg    . . .      Spirit   .   b - +0 scale mail
rPois   .          Reflect  .   (helmet restricted)
rElec   .          Harm     .   (no cloak)
rCorr   .          Rampage  .   k - +0 pair of gloves
Will    .....                   (no boots)
Stlth   +.........              (no amulet)
HPRegen 0.22/turn               (no ring)
MPRegen 0.12/turn               (no ring)

@: heroic, lightly drained
A: horns 2, retaliatory headbutt
a: Renounce Religion, Heroism


You were on level 8 of the Dungeon.
You worshipped Okawaru.
Okawaru was aware of your devotion.
You visited 2 branches of the dungeon, and saw 9 of its levels.

You collected 305 gold pieces.

Inventory:

Hand Weapons
 a - a +3 flail (weapon)
Missiles
 q - 2 javelins (quivered)
 r - 5 poisoned darts
 x - 3 boomerangs
Armour
 b - a +0 scale mail (worn)
 c - a +0 buckler (worn)
 k - a +0 pair of gloves (worn)
Jewellery
 E - a ring of ice
Wands
 p - a wand of digging (4)
 u - a wand of polymorph (8)
 G - a wand of flame (20)
Scrolls
 d - a scroll of enchant armour {unknown}
 f - a scroll of magic mapping
 h - 4 scrolls of immolation
 j - a scroll of fear {unknown}
 m - a scroll of vulnerability {unknown}
 n - a scroll of brand weapon {unknown}
 s - a scroll of enchant weapon {unknown}
 v - 3 scrolls of holy word
 y - 2 scrolls of teleportation {unknown}
 z - 3 scrolls of amnesia {unknown}
 A - a scroll of noise {unknown}
 C - a scroll of torment {unknown}
 F - a scroll of fog {unknown}
Potions
 e - a potion of might
 g - a potion of resistance {unknown}
 i - a potion of curing
 l - 3 potions of lignification
 o - 2 potions of brilliance {unknown}
 t - 2 potions of mutation {unknown}
 w - 3 potions of haste {unknown}
 B - a potion of experience {unknown}
 D - a potion of cancellation {unknown}


   Skills:
 + Level 7.2(12.2) Fighting
 * Level 9.0(14.0) Maces & Flails
 + Level 4.9(9.9) Throwing
 + Level 7.1(12.1) Armour
 - Level 5.0(10.0) Dodging
 - Level 5.0(10.0) Shields
 + Level 2.7 Invocations


You had 8 spell levels left.
You didn't know any spells.
Your spell library was empty.

Dungeon Overview and Level Annotations

Branches:
Dungeon (8/15)             Temple (1/1) D:6
   Lair: D:8-11

Altars:
Ashenzari
Cheibriados
Dithmenos
Elyvilon
Fedhas
Hepliaklqana
Kikubaaqudgha
Makhleb
Nemelex Xobeh
Okawaru
Qazlal
Ru
Sif Muna
Trog
Uskayaw
Wu Jian
Xom
Zin
The Shining One


Innate Abilities, Weirdness & Mutations

You have a pair of horns on your head.
You reflexively headbutt those who attack you in melee.


Message History

The troll is heavily wounded.
You block the troll's attack. x2; The troll claws you!
You sock the troll! Your headbutt misses the troll.
The troll is severely wounded.
The troll bites you! You block the troll's attack. The troll barely misses you.
You thump the troll! Your headbutt misses the troll.
The troll is almost dead.
The troll bites you! The troll claws you but does no damage.
The troll claws you.
* * * LOW HITPOINT WARNING * * *
The troll barely misses you. x2; The troll claws you.
* * * LOW HITPOINT WARNING * * *
Okay, then.
Okay, then.
The angel preaches about the evilness of Lugonu.
You gain the combat prowess of a mighty hero.
The angel preaches about the Axioms of Law.
The troll barely misses you. You furiously retaliate!
You headbutt the troll! The troll claws you.
* * * LOW HITPOINT WARNING * * *
The troll claws you.
* * * LOW HITPOINT WARNING * * *
You feel better. The troll misses you. The troll barely misses you.
The troll claws you!
* * * LOW HITPOINT WARNING * * *
The troll bites you but does no damage. The troll completely misses you.
The troll claws you but does no damage.
You hit the troll but do no damage. Your headbutt misses the troll.
The troll is moderately wounded.
You sock the troll!
The troll is severely wounded.
The troll bites you!
* * * LOW HITPOINT WARNING * * *
The troll claws you.
* * * LOW HITPOINT WARNING * * *
The troll closely misses you.
You feel better.
The angel explains the importance of not dealing with demons.
The troll bites you!
You die...

#.# #####.### ... #.# . . #.# ..
.. #.# ♣ ## ### ... #.# ♣
#.#####.# #.# ♣ #.<.....# #.# ♣
#.##...## #####.###### ♣
#####.#.....## #@T........# ###♣
....#.#......# #.##..####.####.'.
###.#.......####'########......#♣
# #.#.......##8...8###.......#.#♣
###.#######.##.....##......##.##♣
.....# #.####...##......##..#♣
#>##.# #.##A#.._###.#.#.#####♣
#.##.# ##.#########....#.# ♣
..##.# #..## ####....#..


You could see an angel and a troll.

Vanquished Creatures
  A two-headed ogre (D:8)
  Psyche (D:8)
  2 steam dragons
  Menkaure (D:6)
  A sky beast (D:5)
  An ogre (D:7)
  A centaur (D:6)
  3 phantoms
  A bullfrog (D:8)
  A water moccasin zombie (D:4)
  6 wights (D:8)
  A howler monkey (D:7)
  The ghost of ImmortalDragon the Slasher, a weakling GrGl (D:4)
  2 centaur zombies
  A bullfrog zombie (D:4)
  A jelly (D:5)
  A hound (D:5)
  3 orc priests (D:5)
  A bullfrog skeleton (D:4)
  2 gnoll shamans
  An iguana (D:6)
  An orc wizard (D:5)
  13 gnolls
  A howler monkey zombie (D:5)
  8 adders
  2 ufetubi
  13 orcs
  6 ball pythons
  3 bats
  11 endoplasms
  4 giant cockroaches
  5 goblins
  13 hobgoblins
  10 quokkas
  4 frilled lizards
  5 kobolds
  10 rats
142 creatures vanquished.

Notes
Turn   | Place    | Note
-------+----------+-------------------------------------------
     0 | D:1      | Godmorgon the Minotaur Fighter began the quest for the Orb.
     0 | D:1      | Reached XP level 1. HP: 19/19 MP: 0/0
   155 | D:1      | Reached XP level 2. HP: 19/27 MP: 1/1
   336 | D:1      | Reached skill level 3 in Maces & Flails
   725 | D:1      | Reached XP level 3. HP: 15/33 MP: 2/2
  1118 | D:2      | Reached skill level 1 in Throwing
  1422 | D:2      | Reached XP level 4. HP: 35/40 MP: 3/3
  2674 | D:3      | Reached skill level 1 in Dodging
  2871 | D:3      | Reached skill level 4 in Maces & Flails
  2899 | D:3      | Found a snail-covered altar of Cheibriados.
  2899 | D:3      | Found a glowing golden altar of the Shining One.
  3000 | D:3      | Found a faded altar of an unknown god.
  3065 | D:3      | Found a hide-covered altar of Uskayaw.
  3202 | D:3      | Reached XP level 5. HP: 46/46 MP: 4/4
  3317 | D:3      | Found a bloodstained altar of Trog.
  3418 | D:4      | Found an ancient bone altar of Kikubaaqudgha.
  3542 | D:4      | Noticed an ogre
  3687 | D:4      | Found a transporter.
  3689 | D:4      | Noticed ImmortalDragon's ghost (weakling GrGl)
  3732 | D:4      | Found a transporter.
  3907 | D:4      | Found a burning altar of Makhleb.
  4125 | D:4      | Noticed a phantom
  4132 | D:4      | Killed a phantom
  4133 | D:4      | Reached XP level 6. HP: 53/53 MP: 5/5
  4241 | D:5      | Entered Level 5 of the Dungeon
  4422 | D:5      | Reached skill level 5 in Maces & Flails
  4516 | D:5      | Found a sacrificial altar of Ru.
  4730 | D:5      | Reached skill level 5 in Armour
  4735 | D:5      | Reached skill level 5 in Fighting
  4735 | D:5      | Reached XP level 7. HP: 42/61 MP: 6/6
  4906 | D:5      | Reached skill level 5 in Shields
  5088 | D:5      | Reached skill level 6 in Maces & Flails
  5873 | D:6      | Noticed a steam dragon
  5905 | D:6      | Reached XP level 8. HP: 44/69 MP: 7/7
  5986 | D:6      | Noticed Menkaure
  6002 | D:6      | Killed Menkaure
  6322 | D:6      | Found a staircase to the Ecumenical Temple.
  6331 | Temple   | Entered the Ecumenical Temple
  6491 | Temple   | Became a worshipper of Warmaster Okawaru
  6770 | D:6      | Reached skill level 7 in Maces & Flails
  7323 | D:4      | Killed ImmortalDragon's ghost
  7803 | D:7      | Reached skill level 1 in Invocations
  8605 | D:8      | Reached * piety under Okawaru
  8632 | D:8      | Noticed Psyche
  8646 | D:8      | Killed Psyche
  8647 | D:8      | Reached skill level 8 in Maces & Flails
  8647 | D:8      | Reached XP level 9. HP: 47/78 MP: 3/9
  9003 | D:8      | Noticed a two-headed ogre
  9104 | D:8      | Killed a two-headed ogre
  9408 | D:8      | Reached skill level 5 in Dodging
  9418 | D:8      | Reached skill level 9 in Maces & Flails
  9500 | D:8      | Reached ** piety under Okawaru
  9574 | D:8      | Found a glowing silver altar of Zin.
  9574 | D:8      | Noticed an angel
  9610 | D:8      | Noticed a troll
  9651 | D:8      | HP: 2/76 [troll (11)]
  9652 | D:8      | Slain by a troll

Illustrated notes

Levels and vault maps discovered:
D:1:      dpeg_arrival_ratfight, layout_loops_ring
D:2:      layout_basic, minmay_pentomino_w2
D:3:      layout_loops_cross, nicolae_uskayaw_suspiria, trog_butcher_becter,
          gammafunk_temple_overflow_wave, basic_ecumenical_altar,
          minmay_fountain_box
D:4:      layout_basic, kennysheep_mini, mainiacjoe_overflow_alcove_2,
          gammafunk_ghost_mausoleum
D:5:      layout_loops_ring, nicolae_ru_path_of_blood
D:6:      layout_basic, lemuel_temple_firewalk_a, uniq_menkaure
D:7:      layout_loops_ring, kennysheep_minor_cross
D:8:      layout_loops_cross, zin_angel, mainiacjoe_overflow_catwalk_spiral,
          kennysheep_path_1, grunt_ministairs_4, amcnicky_mini_pool_small,
          hangedman_decor_diamond_cutter, uniq_psyche
Temple:   minmay_temple_curvy_loop

Skill      XL: |  1  2  3  4  5  6  7  8  9 |
---------------+----------------------------+-----
Maces & Flails | 3 4 5 6 8 9 |  9.0
Shields        | 4 5 |  5.0
Throwing       | 1 2 3 4 |  4.9
Fighting       | 4 5 6 7 |  7.2
Armour         | 4 5 6 7 |  7.1
Dodging        | 1 2 3 4 5 |  5.0
Invocations    | 1 2 |  2.7

Action                   |  1- 3 |  4- 6 |  7- 9 || total
-------------------------+-------+-------+-------++-------
Melee: Flail             |    92 |   158 |   167 ||   417
       Headbutt          |     9 |    32 |    35 ||    76
Throw: Dart              |       |     2 |    19 ||    21
       Stone             |       |       |     5 ||     5
       Javelin           |       |       |     2 ||     2
Invok: Heroism           |       |       |     4 ||     4
  Use: Scroll            |       |     5 |     2 ||     7
       Potion            |       |     1 |     5 ||     6
Armor: Scale mail        |    38 |    68 |    56 ||   162
Dodge: Dodged            |    36 |    74 |    86 ||   196
Block: Buckler           |    15 |    24 |    36 ||    75
